 Dungeon Crawl Stone Soup version 0.31-a0-1620-gcbf77bbcfc (webtiles) character file.

Game seed: 15764582040691832728

712 Flugslaktarn the Trooper (level 7, -13/64 HPs)
             Began as a Minotaur Fighter on Jan 11, 2024.
             Killed by nerve-wracking pain
             ... invoked by an orc priest
              (14 damage)
             ... on level 5 of the Dungeon.
             The game lasted 00:01:42 (4013 turns).

Flugslaktarn the Trooper (Minotaur Fighter)         Turns: 4013, Time: 00:01:42

Health: -13/64     AC:  8    Str: 23    XL:     7   Next: 41%
Magic:  6/6        EV:  9    Int:  5    God:
Gold:   171        SH:  8    Dex:  9    Spells: 6/6 levels left

rFire   . . .        a - +1 war axe
rCold   . . .        c - +0 buckler
rNeg    . . .        b - +0 scale mail
rPois   .            (helmet restricted)
rElec   .            (no cloak)
rCorr   .            (no gloves)
SInv    +            f - +0 pair of boots
Will    .....        (no amulet) Stlth
                     (no ring)
HPRegen 0.30/turn    (no ring)
MPRegen 0.10/turn

%: no passive effects
@: no status effects
A: horns 2, retaliatory headbutt, large bone plates 1, see invisible, wild magic
1
a: no special abilities


You were on level 5 of the Dungeon.
You visited 1 branch of the dungeon, and saw 5 of its levels.

You collected 171 gold pieces.

Inventory:

Hand Weapons
 a - a +1 war axe (weapon)
Missiles
 p - a throwing net (quivered)
Armour
 b - a +0 scale mail (worn)
 c - a +0 buckler (worn)
 f - a +0 pair of boots (worn)
   (You found it on level 1 of the Dungeon)
Jewellery
 e - a ring of flight
   (You found it on level 3 of the Dungeon)
 i - a ring of see invisible
   (You found it on level 2 of the Dungeon)
Scrolls
 k - a scroll of immolation {unknown}
 o - a scroll of amnesia {unknown}
 t - a scroll of teleportation
Potions
 d - 2 potions of might
 h - 2 potions of attraction
 j - 3 potions of mutation
 l - a potion of haste {unknown}
 m - a potion of brilliance {unknown}
 n - a potion of heal wounds {unknown}
 q - 5 potions of curing
 s - a potion of degeneration {unknown}
 u - a potion of resistance {unknown}
 v - 2 potions of lignification {unknown}


   Skills:
 * Level 6.7 Fighting
 * Level 6.1 Axes
 + Level 5.4 Armour
 + Level 5.3 Shields


You had 6 spell levels left.
You didn't know any spells.
Your spell library contained the following spells:

 Spells                   Type           Power      Damage    Failure   Level
 Freeze                   Ice            0%         1d3       88%         1
 Cigotuvi's Dreadful Rot  Necr/Alch/Air  0%         N/A       95%         2
 Lesser Beckoning         Tloc           0%         N/A       95%         2
 Frozen Ramparts          Ice            0%         1d1       99%         3
 Hailstorm                Conj/Ice       0%         3d5       99%         3
 Dispersal                Tloc           0%         N/A       100%        6


Dungeon Overview and Level Annotations

Branches:
Dungeon (5/15)
 Temple: D:4-7

Altars:
Ashenzari
Fedhas
Makhleb
Trog
Vehumet

Shops:
D:3 [   D:4 *


Innate Abilities, Weirdness & Mutations

You have a pair of horns on your head.
You reflexively headbutt those who attack you in melee.
You are partially covered in large bone plates. (SH +4)
You have supernaturally acute eyesight. (SInv)
Your spells are a little harder to cast, but a little more powerful.


Message History

The iguana completely misses you.
An orc priest comes into view. It is wielding a +0 hand axe.
You block the orc's attack.
You closely miss the iguana. You headbutt the iguana.
You kill the iguana!
You hit the orc. x2; The orc misses you.
The orc hits you with a +0 club.
You closely miss the orc.
The orc is moderately wounded.
You hit the orc. You closely miss the orc. The orc hits you but does no damage.
An orc priest comes into view. It is wielding a +0 club.
The orc hits you but does no damage. The orc hits you with a +0 club.
The orc barely misses you. You furiously retaliate!
You headbutt the orc. You block the orc's attack. The orc barely misses you.
The orc attacks as it pursues you! The orc closely misses you.
You furiously retaliate!
You headbutt the orc.
You kill the orc!
Things that are here:
an iguana corpse; a hound corpse You hit the orc.
The orc is almost dead.
You hit the orc. x2; Something unseen opens the door.
The orc hits you but does no damage. The orc hits you with a +0 flail.
You block the orc's attack. The orc hits you with a +0 dagger.
You block the orc's attack.
An orc comes into view. It is wielding a +0 dagger.
The orc hits you but does no damage.
Found a twisted bone amulet and a scroll labelled QYIRIU DERHE.
You hit the orc.
You kill the orc!
You hit the orc but do no damage. You closely miss the orc. You hit the orc.
You kill the orc!
The sentinel's mark upon you fades away.
A water moccasin comes into view.
The orc hits you but does no damage.
You barely miss the orc. Your headbutt misses the orc.
The orc is lightly wounded.
You hit the orc. You hit the orc priest. You block the orc's attack.
The orc priest calls down the wrath of Beogh upon you.
Beogh smites you! The orc hits you but does no damage.
You are too injured to fight recklessly!
You hit the orc priest.
The orc priest is moderately wounded.
You completely miss the orc. You closely miss the orc. You hit the orc.
The orc hits you but does no damage. x2
The orc priest hits you with a +0 hand axe.
* * * LOW HITPOINT WARNING * * *
You block the orc's attack.
You hit the orc priest but do no damage.
Your headbutt misses the orc priest.
The orc priest is moderately wounded.
You barely miss the orc. You hit the orc. x2
You kill the orc!
The orc hits you with a +0 flail.
* * * LOW HITPOINT WARNING * * *
The orc hits you with a +0 dagger.
* * * LOW HITPOINT WARNING * * *
You block the orc priest's attack.
The orc priest calls upon Beogh to heal the orc priest.
The orc priest's wounds heal themselves!
You block the orc's attack. The orc hits you but does no damage.
The orc priest hits you with a +0 hand axe.
* * * LOW HITPOINT WARNING * * *
You barely miss the orc priest. You closely miss the orc priest.
You barely miss the orc. You closely miss the orc.
You block the water moccasin's attack. You block the orc's attack.
The orc priest calls upon Beogh to heal the orc.
The orc's wounds heal themselves!
The orc hits you with a +0 dagger.
* * * LOW HITPOINT WARNING * * *
The orc priest hits you with a +0 club.
* * * LOW HITPOINT WARNING * * *
You slash the orc priest!
The orc priest is severely wounded.
You miss the water moccasin. You hit the orc priest. You closely miss the orc.
You hit the orc. The water moccasin barely misses you.
The orc hits you with a +0 flail.
* * * LOW HITPOINT WARNING * * *
You block the orc's attack. You block the orc priest's attack.
An ogre comes into view. It is wielding a +0 giant spiked club.
The orc priest hits you with a +0 club.
* * * LOW HITPOINT WARNING * * *
The water moccasin barely misses you. You furiously retaliate!
You headbutt the water moccasin! You closely miss the orc priest.
Your headbutt misses the orc priest.
The orc priest is moderately wounded.
You hit the orc priest. You barely miss the orc. You hit the orc.
You slash the water moccasin! You block the water moccasin's attack.
You block the orc's attack.
The orc priest hits you with a +0 hand axe.
* * * LOW HITPOINT WARNING * * *
The orc hits you but does no damage.
The orc priest calls upon Beogh to heal the orc priest.
The orc priest's wounds heal themselves!
You completely miss the orc priest. You barely miss the water moccasin.
You closely miss the orc priest. You closely miss the orc. x2
You block the water moccasin's attack. The orc barely misses you.
The orc priest closely misses you. The orc hits you with a +0 dagger.
* * * LOW HITPOINT WARNING * * *
The orc priest calls down the wrath of Beogh upon you.
Pain shoots through your body!
You die...

+......# ..?.
#......# ...
#......# ...
#......# ".
#......#
###'####......#
#......>......#
+...o)).......#
#..o@S........#
#..oo.........+
#####.............#
...........########
......>....+
.......<...#
...........#
...........#
.##+####+###


You could see a water moccasin, 2 orc priests and 2 orcs.

Vanquished Creatures
  3 black bears (D:4)
  2 scorpions (D:4)
  A crimson imp (D:3)
  A hound (D:5)
  2 iguanas
  An orc wizard (D:2)
  Robin (D:3)
  4 gnolls (D:2)
  4 adders
  2 dart slugs (D:4)
  3 ribbon worms (D:2)
  15 orcs
  3 endoplasms
  2 giant cockroaches
  20 goblins
  6 hobgoblins
  4 jackals (D:4)
  A quokka (D:1)
  2 ball pythons
  5 bats
  3 frilled lizards
  5 kobolds
  4 rats
94 creatures vanquished.

Notes
Turn   | Place    | Note
-------+----------+-------------------------------------------
     0 | D:1      | Flugslaktarn the Minotaur Fighter began the quest for the
                  | Orb.
     0 | D:1      | Reached XP level 1. HP: 19/19 MP: 0/0
   173 | D:1      | Reached XP level 2. HP: 27/27 MP: 1/1
   173 | D:1      | Found a faded altar of an unknown god.
   280 | D:1      | Got the Precepts of Geometric Decomposition
  1025 | D:2      | Reached XP level 3. HP: 10/33 MP: 2/2
  1556 | D:2      | Reached XP level 4. HP: 41/41 MP: 3/3
  2396 | D:3      | Reached skill level 5 in Fighting
  2396 | D:3      | Reached XP level 5. HP: 47/48 MP: 4/4
  2425 | D:3      | Found Teefauh's Antique Armour Boutique.
  2474 | D:3      | Noticed Robin
  2504 | D:3      | Killed Robin
  2658 | D:3      | Found a burning altar of Makhleb.
  2659 | D:3      | Found a radiant altar of Vehumet.
  2898 | D:4      | Found Cokkyim's General Store.
  3012 | D:4      | Noticed a black bear
  3013 | D:4      | Found a bloodstained altar of Trog.
  3013 | D:4      | Noticed a black bear
  3018 | D:4      | Killed a black bear
  3019 | D:4      | Reached skill level 5 in Axes
  3019 | D:4      | Reached XP level 6. HP: 46/57 MP: 5/5
  3132 | D:4      | Reached skill level 5 in Armour
  3132 | D:4      | Reached skill level 5 in Shields
  3187 | D:4      | Reached XP level 7. HP: 59/64 MP: 6/6
  3259 | D:4      | Found a broken altar of Ashenzari.
  3446 | D:4      | Found a blossoming altar of Fedhas.
  3964 | D:4      | Gained mutation: Your body sometimes deteriorates upon
                  | taking damage. [potion of mutation]
  3964 | D:4      | Gained mutation: You are dopey. (Int -2) [potion of
                  | mutation]
  3964 | D:4      | Gained mutation: You have large cloven feet. [potion of
                  | mutation]
  3965 | D:4      | Lost mutation: You have large cloven feet. [potion of
                  | mutation]
  3965 | D:4      | Lost mutation: Your body sometimes deteriorates upon taking
                  | damage. [potion of mutation]
  3965 | D:4      | Lost mutation: You are dopey. (Int -2) [potion of mutation]
  3965 | D:4      | Gained mutation: You are partially covered in large bone
                  | plates. (SH +4) [potion of mutation]
  3965 | D:4      | Gained mutation: Your spells are a little harder to cast,
                  | but a little more powerful. [potion of mutation]
  3965 | D:4      | Gained mutation: You have supernaturally acute eyesight.
                  | (SInv) [potion of mutation]
  3976 | D:5      | Entered Level 5 of the Dungeon
  4011 | D:5      | HP: 3/64 [orc/+0 flail (4)]
  4013 | D:5      | HP: 1/64 [orc/+0 dagger (1)]
  4013 | D:5      | Killed from afar by an orc priest

Illustrated notes

Levels and vault maps discovered:
D:1:      shiori_arrival_maze, layout_basic,
          shapermc_ecumenical_altar_mp_highgroup
D:2:      minmay_wonky_spiral, layout_loops_corners, nrook_mini_backslash,
          amcnicky_mini_pool_small
D:3:      layout_basic, grunt_temple_overflow_lords_of_destruction,
          serial_shops, shop, uniq_robin
D:4:      layout_cave_pods, trog_ov_bears_minmay,
          mainiacjoe_overflow_catch_the_wave, serial_shops, shop
D:5:      layout_gridville, uniq_prince_ribbit1

Skill      XL: |  1  2  3  4  5  6  7 |
---------------+----------------------+-----
Fighting       | 4 5 6 |  6.7
Axes           | 3 4 5 6 |  6.1
Armour         | 4 5 |  5.4
Shields        | 4 5 |  5.3

Action                     |  1- 3 |  4- 6 |  7- 9 || total
---------------------------+-------+-------+-------++-------
  Melee: War axe           |    40 |   106 |    35 ||   181
         Headbutt          |     4 |    13 |     2 ||    19
    Use: Potion            |     1 |       |     2 ||     3
         Scroll            |       |       |     5 ||     5
 Armour: Scale mail        |    28 |    99 |    50 ||   177
  Dodge: Dodged            |    26 |    61 |    26 ||   113
  Block: Buckler           |    12 |    20 |    28 ||    60

Table legend: (Time is in decaauts)
 A = Elapsed time spent in this place.
 B = Non-inter-level travel time spent in this place.
 C = Inter-level travel time spent in this place.
 D = Time resting spent in this place.
 E = Time spent auto-exploring this place.
 F = Levels seen in this place.
 G = Mean time per level.
                   A        B        C        D        E       F      G
               +--------+--------+--------+--------+--------+-----+--------+
         Total |   4069 |   3992 |     77 |    141 |   3361 |   5 |  813.8 |
       Dungeon |   4069 |   3992 |     77 |    141 |   3361 |   5 |  813.8 |
               +--------+--------+--------+--------+--------+-----+--------+

Top non-repeatable levels by time:
     D:2: 1358 daAuts
     D:4: 1087 daAuts
     D:1: 1001 daAuts
     D:3: 581 daAuts
     D:5: 41 daAuts
